TOP OF THE 1ST |
Pensacola Pilots batting - Pitching for Scottsdale Scorpions : RHP José Zamora
|
Pitching: RHP José Zamora
|
|
Batting: SHB Jack Hendrix
|
0-0: SINGLE (Groundball, 6D)
|
Batting: SHB Carlos González
|
0-0: Ball 1-0: Foul Ball, location: 2F 1-1: Swinging Strike 1-2: SINGLE (Groundball, 6D) Jack Hendrix to second
|
Batting: LHB Preston Hamilton
|
0-0: Fly out, F7 (Flyball, 78D)
|
Batting: RHB Timothy Foster
|
0-0: Foul Ball, location: 2F 0-1: Ball 1-1: Foul Ball, location: 2F 1-2: Ground out 2-3 (Groundball, 15S) Jack Hendrix to third Carlos González to second
|
Batting: LHB Carlos Músquez
|
0-0: Ball 1-0: Foul Ball, location: 2F 1-1: Swinging Strike 1-2: Strikes out swinging
|
Top of the 1st over - 0 runs, 2 hits, 0 errors, 2 left on base; Pensacola 0 - Scottsdale 0 |
BOTTOM OF THE 1ST |
Scottsdale Scorpions batting - Pitching for Pensacola Pilots : RHP Ralph Williams
|
Pitching: RHP Ralph Williams
|
|
Batting: RHB Manny Moreno
|
0-0: Called Strike 0-1: Ball 1-1: Fly out, F7 (Flyball, 7D)
|
Batting: RHB José Martínez
|
0-0: Ball 1-0: Ball 2-0: SINGLE (Line Drive, 78M)
|
Batting: RHB Phil Rowlett
|
0-0: Called Strike 0-1: Swinging Strike 0-2: Ball 1-2: Strikes out swinging
|
Batting: LHB Ernesto Hernández
|
0-0: Ball José Martínez steals 2nd base 1-0: Ground out 4-3 (Groundball, 34)
|
Bottom of the 1st over - 0 runs, 1 hit, 0 errors, 1 left on base; Pensacola 0 - Scottsdale 0 |
TOP OF THE 2ND |
Pensacola Pilots batting - Pitching for Scottsdale Scorpions : RHP José Zamora
|
Batting: RHB José Ramos
|
0-0: Foul Ball, location: 2F 0-1: Ground out 1-3 (Groundball, 15S)
|
Batting: RHB John Hall
|
0-0: Called Strike 0-1: Called Strike 0-2: Strikes out swinging
|
Batting: RHB Felipe Hernández
|
0-0: Ball 1-0: Ball 2-0: Called Strike 2-1: Ball 3-1: Base on Balls
|
Batting: RHB George Martin
|
0-0: Ball 1-0: Ball 2-0: Foul Ball, location: 2F 2-1: Ball 3-1: Base on Balls Felipe Hernández to second
|
Batting: SHB Jack Hendrix
|
0-0: Called Strike 0-1: Ball 1-1: Swinging Strike 1-2: Strikes out swinging
|
Top of the 2nd over - 0 runs, 0 hits, 0 errors, 2 left on base; Pensacola 0 - Scottsdale 0 |
BOTTOM OF THE 2ND |
Scottsdale Scorpions batting - Pitching for Pensacola Pilots : RHP Ralph Williams
|
Batting: RHB Randy Banks
|
0-0: Ball 1-0: Called Strike 1-1: Swinging Strike 1-2: Foul Ball, location: 2F 1-2: SOLO HOME RUN (Line Drive, 7D), Distance : 352 ft
|
Batting: RHB Rob Johnston
|
0-0: Foul Ball, location: 2F 0-1: Ball 1-1: Ball 2-1: Ball 3-1: Called Strike 3-2: Foul Ball, location: 2F 3-2: Strikes out looking
|
Batting: RHB Jon Hartley
|
0-0: Ball 1-0: Ground out U3 (Groundball, 34)
|
Batting: RHB Jeff McQueen
|
0-0: Ground out 4-3 (Groundball, 34)
|
Bottom of the 2nd over - 1 run, 1 hit, 0 errors, 0 left on base; Pensacola 0 - Scottsdale 1 |
TOP OF THE 3RD |
Pensacola Pilots batting - Pitching for Scottsdale Scorpions : RHP José Zamora
|
Batting: SHB Carlos González
|
0-0: Ball 1-0: Ball 2-0: Ball 3-0: Called Strike 3-1: Base on Balls
|
Batting: LHB Preston Hamilton
|
0-0: Ball Passed Ball! Carlos González to second 1-0: Foul Ball, location: 2F 1-1: DOUBLE (Line Drive, 78D) Carlos González scores
|
Batting: RHB Timothy Foster
|
0-0: Called Strike 0-1: Foul Ball, location: 2F 0-2: Ball 1-2: Ball 2-2: Strikes out swinging
|
Batting: LHB Carlos Músquez
|
0-0: Ball 1-0: Ground out 6-3 (Groundball, 6M) Preston Hamilton to third
|
Batting: RHB José Ramos
|
0-0: Ball 1-0: Foul Ball, location: 2F 1-1: Foul Ball, location: 2F 1-2: Ball 2-2: Ground out 5-3 (Groundball, 5L)
|
Top of the 3rd over - 1 run, 1 hit, 0 errors, 1 left on base; Pensacola 1 - Scottsdale 1 |
BOTTOM OF THE 3RD |
Scottsdale Scorpions batting - Pitching for Pensacola Pilots : RHP Ralph Williams
|
Batting: RHB Dave MacGruder
|
0-0: Foul Ball, location: 2F 0-1: Foul Ball, location: 2F 0-2: Ball 1-2: Ball 2-2: Ball 3-2: Foul Ball, location: 2F 3-2: Base on Balls
|
Batting: RHB Manny Moreno
|
0-0: Ball 1-0: Ball 2-0: Ball 3-0: Base on Balls Dave MacGruder to second
|
Batting: RHB José Martínez
|
0-0: Called Strike 0-1: Ball 1-1: Swinging Strike 1-2: Ball 2-2: Foul Ball, location: 2F 2-2: Strikes out swinging
|
Batting: RHB Phil Rowlett
|
0-0: Ball 1-0: Ball 2-0: Swinging Strike 2-1: Ball 3-1: Base on Balls Dave MacGruder to third Manny Moreno to second
|
Batting: LHB Ernesto Hernández
|
0-0: Ball 1-0: Called Strike 1-1: Ball 2-1: Ball 3-1: Foul Ball, location: 2F 3-2: SINGLE (Line Drive, 34D) Dave MacGruder scores Manny Moreno to third Phil Rowlett to second Runner from 3rd tries for Home, SAFE, no throw
|
Batting: RHB Randy Banks
|
0-0: Ball 1-0: Grounds into double play, 4-6-3 (Groundball, 4)
|
Bottom of the 3rd over - 2 runs, 1 hit, 0 errors, 1 left on base; Pensacola 1 - Scottsdale 3 |
TOP OF THE 4TH |
Pensacola Pilots batting - Pitching for Scottsdale Scorpions : RHP José Zamora
|
Batting: RHB John Hall
|
0-0: Called Strike 0-1: Swinging Strike 0-2: Strikes out swinging
|
Batting: RHB Felipe Hernández
|
0-0: Ball 1-0: Foul Ball, location: 2F 1-1: Fly out, F7 (Flyball, 78M)
|
Batting: RHB George Martin
|
0-0: Called Strike 0-1: Called Strike 0-2: Ball 1-2: Foul Ball, location: 2F 1-2: Strikes out swinging
|
Top of the 4th over - 0 runs, 0 hits, 0 errors, 0 left on base; Pensacola 1 - Scottsdale 3 |
BOTTOM OF THE 4TH |
Scottsdale Scorpions batting - Pitching for Pensacola Pilots : RHP Ralph Williams
|
Batting: RHB Rob Johnston
|
0-0: Hit by Pitch
|
Batting: RHB Jon Hartley
|
0-0: Ball 1-0: Ball Rob Johnston is caught stealing 2nd base 2-0: Called Strike 2-1: Ball 3-1: Fly out, F3 (Flyball, 3D)
|
Batting: RHB Jeff McQueen
|
0-0: Called Strike 0-1: Ball 1-1: Ground out U3 (Groundball, 3)
|
Bottom of the 4th over - 0 runs, 0 hits, 0 errors, 0 left on base; Pensacola 1 - Scottsdale 3 |
TOP OF THE 5TH |
Pensacola Pilots batting - Pitching for Scottsdale Scorpions : RHP José Zamora
|
Batting: SHB Jack Hendrix
|
0-0: Ball 1-0: Foul Ball, location: 2F 1-1: SINGLE (Line Drive, 34D)
|
Batting: SHB Carlos González
|
0-0: SINGLE (Groundball, 34D) Jack Hendrix to second Runner from 2nd tries for 3rd, SAFE, no throw
|
Batting: LHB Preston Hamilton
|
0-0: Ball 1-0: Swinging Strike 1-1: Ground out U3 (Groundball, 3L) Carlos González to second
|
Batting: RHB Timothy Foster
|
0-0: Ball 1-0: Foul Ball, location: 2F 1-1: Foul Ball, location: 2F 1-2: Foul Ball, location: 2F 1-2: Ball 2-2: Foul Ball, location: 2F 2-2: Strikes out swinging
|
Batting: LHB Carlos Músquez
|
0-0: Swinging Strike 0-1: Ball 1-1: Foul Ball, location: 2F 1-2: Ground out 4-3 (Groundball, 4)
|
Top of the 5th over - 0 runs, 2 hits, 0 errors, 2 left on base; Pensacola 1 - Scottsdale 3 |
BOTTOM OF THE 5TH |
Scottsdale Scorpions batting - Pitching for Pensacola Pilots : RHP Ralph Williams
|
Batting: RHB Dave MacGruder
|
0-0: SINGLE (Groundball, 6D)
|
Batting: RHB Manny Moreno
|
0-0: Ball 1-0: Called Strike 1-1: Fly out, F4 (Popup, 4M)
|
Batting: RHB José Martínez
|
0-0: Ball 1-0: Ball 2-0: Fly out, F8 (Line Drive, 8RD)
|
Batting: RHB Phil Rowlett
|
0-0: Ball 1-0: Ground out 1-3 (Groundball, 13S)
|
Bottom of the 5th over - 0 runs, 1 hit, 0 errors, 1 left on base; Pensacola 1 - Scottsdale 3 |
TOP OF THE 6TH |
Pensacola Pilots batting - Pitching for Scottsdale Scorpions : RHP José Zamora
|
Batting: RHB José Ramos
|
0-0: Called Strike 0-1: Ground out 5-3 (Groundball, 56)
|
Batting: RHB John Hall
|
0-0: Called Strike 0-1: Fly out, F8 (Flyball, 8RXD)
|
Batting: RHB Felipe Hernández
|
0-0: Foul Ball, location: 2F 0-1: Ball 1-1: Foul Ball, location: 2F 1-2: SINGLE (Line Drive, 8LS)
|
Batting: RHB George Martin
|
0-0: Ball 1-0: Foul Ball, location: 2F 1-1: SINGLE (Groundball, 6MD) Felipe Hernández to second Runner from 2nd tries for 3rd, SAFE, throw made to third
|
Now in CF: Bartolo Baruffaldi
|
|
Batting: SHB Jack Hendrix
|
0-0: Called Strike 0-1: Ball 1-1: Ball 2-1: Foul Ball, location: 2F 2-2: Ball 3-2: Ground out 5-3 (Groundball, 56)
|
Top of the 6th over - 0 runs, 2 hits, 0 errors, 2 left on base; Pensacola 1 - Scottsdale 3 |
BOTTOM OF THE 6TH |
Scottsdale Scorpions batting - Pitching for Pensacola Pilots : RHP Ralph Williams
|
Batting: LHB Ernesto Hernández
|
0-0: Called Strike 0-1: Ball 1-1: Ball 2-1: Reached on error, E3 (Groundball, 3)
|
Batting: RHB Randy Banks
|
0-0: Called Strike 0-1: Ball 1-1: Ball Ernesto Hernández steals 2nd base 2-1: Fly out, F7 (Line Drive, 78D)
|
Batting: RHB Rob Johnston
|
0-0: Swinging Strike 0-1: Ball 1-1: Called Strike 1-2: Strikes out swinging
|
Batting: RHB Jon Hartley
|
0-0: Called Strike 0-1: Ball 1-1: Ball 2-1: Foul Ball, location: 2F 2-2: Strikes out swinging
|
Bottom of the 6th over - 0 runs, 0 hits, 1 error, 1 left on base; Pensacola 1 - Scottsdale 3 |
TOP OF THE 7TH |
Pensacola Pilots batting - Pitching for Scottsdale Scorpions : RHP José Zamora
|
Pitching: RHP Rick Díaz
|
|
Batting: SHB Carlos González
|
0-0: Foul Ball, location: 2F 0-1: Foul Ball, location: 2F 0-2: Ball 1-2: Strikes out swinging
|
Batting: LHB Preston Hamilton
|
0-0: Ball 1-0: Ball 2-0: Ball 3-0: Called Strike 3-1: Swinging Strike 3-2: Base on Balls
|
Batting: RHB Timothy Foster
|
0-0: Ball 1-0: Called Strike 1-1: Ball 2-1: Swinging Strike 2-2: Ball 3-2: Fielders Choice at 2nd, 4-6 (Groundball, 4)
|
Batting: LHB Carlos Músquez
|
0-0: Ball 1-0: Swinging Strike 1-1: Ball 2-1: Foul Ball, location: 2F 2-2: Strikes out swinging
|
Top of the 7th over - 0 runs, 0 hits, 0 errors, 1 left on base; Pensacola 1 - Scottsdale 3 |
BOTTOM OF THE 7TH |
Scottsdale Scorpions batting - Pitching for Pensacola Pilots : RHP Ralph Williams
|
Batting: RHB Jeff McQueen
|
0-0: Ball 1-0: Ball 2-0: Called Strike 2-1: Foul Ball, location: 2F 2-2: Foul Ball, location: 2F 2-2: Strikes out swinging
|
Batting: RHB Dave MacGruder
|
0-0: Ball 1-0: Ground out 5-3 (Groundball, 5S)
|
Batting: RHB Manny Moreno
|
0-0: Ball 1-0: Ball 2-0: Called Strike 2-1: Ball 3-1: TRIPLE (Flyball, 89XD)
|
Batting: LHB Bartolo Baruffaldi
|
0-0: SINGLE (Flyball, 78S) Manny Moreno scores
|
Pitching: RHP Michael Clay
|
|
Batting: RHB Phil Rowlett
|
0-0: Ball 1-0: Foul Ball, location: 2F 1-1: Ball 2-1: Foul Ball, location: 2F 2-2: Fly out, F9 (Flyball, 89S)
|
Bottom of the 7th over - 1 run, 2 hits, 0 errors, 1 left on base; Pensacola 1 - Scottsdale 4 |
TOP OF THE 8TH |
Pensacola Pilots batting - Pitching for Scottsdale Scorpions : RHP Rick Díaz
|
Batting: RHB José Ramos
|
0-0: Ground out U3 (Groundball, 3S)
|
Batting: RHB John Hall
|
0-0: Called Strike 0-1: Called Strike 0-2: Fly out, F9 (Flyball, 9D)
|
Batting: RHB Felipe Hernández
|
0-0: Ball 1-0: Ball 2-0: Ball 3-0: Base on Balls
|
Batting: RHB George Martin
|
0-0: Ball 1-0: Swinging Strike 1-1: Ball Wild Pitch! Felipe Hernández to second 2-1: Called Strike 2-2: Ball 3-2: Foul Ball, location: 2F 3-2: Foul Ball, location: 2F 3-2: Strikes out swinging
|
Top of the 8th over - 0 runs, 0 hits, 0 errors, 1 left on base; Pensacola 1 - Scottsdale 4 |
BOTTOM OF THE 8TH |
Scottsdale Scorpions batting - Pitching for Pensacola Pilots : RHP Michael Clay
|
Pitching: RHP Jesús Núñez
|
|
Batting: LHB Ernesto Hernández
|
0-0: Foul Ball, location: 2F 0-1: Ball 1-1: Swinging Strike 1-2: Ball 2-2: Foul Ball, location: 2F 2-2: Foul Ball, location: 2F 2-2: Foul Ball, location: 2F 2-2: Strikes out swinging
|
Batting: RHB Randy Banks
|
0-0: Called Strike 0-1: Foul Ball, location: 2F 0-2: Ball 1-2: Foul Ball, location: 2F 1-2: Strikes out swinging
|
Batting: RHB Rob Johnston
|
0-0: Called Strike 0-1: Ball 1-1: Called Strike 1-2: Foul Ball, location: 2F 1-2: Strikes out looking
|
Bottom of the 8th over - 0 runs, 0 hits, 0 errors, 0 left on base; Pensacola 1 - Scottsdale 4 |
TOP OF THE 9TH |
Pensacola Pilots batting - Pitching for Scottsdale Scorpions : RHP Rick Díaz
|
Pitching: RHP Alberto Sepúlveda
|
|
Batting: SHB Jack Hendrix
|
0-0: Called Strike 0-1: Foul Ball, location: 2F 0-2: DOUBLE (Flyball, 78XD)
|
Batting: SHB Carlos González
|
0-0: Foul Ball, location: 2F 0-1: Ball 1-1: Swinging Strike 1-2: Foul Ball, location: 2F 1-2: Ball 2-2: Strikes out looking
|
Batting: LHB Preston Hamilton
|
0-0: Ball 1-0: Foul Ball, location: 2F 1-1: Ball 2-1: Swinging Strike 2-2: Strikes out swinging
|
Batting: RHB Timothy Foster
|
0-0: Foul Ball, location: 2F 0-1: Ball 1-1: Ball 2-1: Ball 3-1: Foul Ball, location: 2F 3-2: Foul Ball, location: 2F 3-2: Strikes out swinging
|
Top of the 9th over - 0 runs, 1 hit, 0 errors, 1 left on base; Pensacola 1 - Scottsdale 4 |
|